 Dungeon Crawl Stone Soup version 0.29-a0-565-g7a16c6de65 (webtiles) character file.

Game seed: 11212282430940725958

107 vbjbw the Vexing (level 4, -4/21 HPs)
             Began as a Spriggan Enchanter on June 12, 2022.
             Slain by Grinder (7 damage)
             ... on level 3 of the Dungeon.
             The game lasted 00:04:49 (2991 turns).

vbjbw the Vexing (Spriggan Enchanter)               Turns: 2991, Time: 00:04:50

Health: -4/21      AC:  4    Str:  6    XL:     4   Next: 57%
Magic:  9/11       EV: 17    Int: 16    God:
Gold:   88         SH:  0    Dex: 15    Spells: 4/12 levels left

rFire   . . .      SeeInvis +   a - +1 dagger
rCold   . . .      Faith    .   (no shield)
rNeg    . . .      Spirit   .   b - +0 robe
rPois   .          Reflect  .   i - +2 hat
rElec   .          Harm     .   (no cloak)
rCorr   .          Rampage  .   (gloves unavailable)
Will    .....                   (boots unavailable)
Stlth   +++.......              (no amulet)
HPRegen 0.07/turn               (no ring)
MPRegen 0.12/turn               (no ring)

@: weak-willed, very quick
A: very small, no large weapons, unfitting armour, see invisible, speed 3, horns
1, wild magic 1, devolution 1
a: no special abilities


You were on level 3 of the Dungeon.
You visited 1 branch of the dungeon, and saw 3 of its levels.

You collected 88 gold pieces.

Inventory:

Hand Weapons
 a - a +1 dagger (weapon)
Missiles
 h - 7 poisoned darts (quivered)
Armour
 b - a +0 robe (worn)
 i - a +2 hat (worn)
Scrolls
 j - a scroll of poison
Potions
 c - a potion of invisibility
 d - 2 potions of berserk rage {unknown}
 e - a potion of heal wounds {unknown}
 g - a potion of might {unknown}
 k - a potion of ambrosia {unknown}
 m - a potion of curing {unknown}


   Skills:
 - Level 1.1 Short Blades
 - Level 2.6 Dodging
 - Level 4.4 Stealth
 + Level 4.6 Spellcasting
 + Level 5.2 Hexes


You had 4 spell levels left.
You knew the following spells:

 Your Spells              Type           Power      Damage    Failure   Level
a - Ensorcelled Hibernat  Hex/Ice        30%        N/A       13%         2
b - Tukima's Dance        Hex            26%        N/A       9%          3
c - Confusing Touch       Hex            26%        N/A       9%          3

Your spell library contained the following spells:

 Spells                   Type           Power      Damage    Failure   Level
 Dazzling Flash           Conj/Hex       30%        N/A       22%         3
 Stone Arrow              Conj/Erth      8%         3d7       52%         3
 Animate Armour           Summ/Erth      8%         N/A       89%         4
 Lehudib's Crystal Spear  Conj/Erth      2%         10d2      100%        8


Dungeon Overview and Level Annotations

Branches:
Dungeon (3/15)

Altars:
Hepliaklqana

Annotations:
D:3 Grinder


Innate Abilities, Weirdness & Mutations

You are very small and have problems with some larger weapons.
You are too small for most types of armour.
You have supernaturally acute eyesight. (SInv)
You cover ground extremely quickly. (Speed+++)
You have a pair of small horns on your head.
Your spells are a little harder to cast, but a little more powerful.
You have hidden genetic defects.


Message History

Grinder closely misses you.
You hit Grinder. You headbutt Grinder, but do no damage.
Grinder is lightly wounded.
You hit Grinder but do no damage.
Grinder is lightly wounded.
You catch the helpless Grinder completely off-guard!
You puncture Grinder! You punch Grinder, but do no damage.
Grinder is moderately wounded.
Grinder barely misses you.
Grinder barely misses herself.
You completely miss Grinder.
Grinder is moderately wounded.
You barely miss Grinder.
Grinder is moderately wounded.
Grinder hits you.
You hit Grinder.
Grinder is heavily wounded.
Grinder hits you!
* * * LOW HITPOINT WARNING * * *
Grinder hits herself.
You are too injured to fight recklessly!
You are too injured to fight recklessly!
You are too injured to fight recklessly!
You are too injured to fight recklessly!
You are too injured to fight recklessly!
You hit Grinder.
Grinder is heavily wounded.
Okay, then.
Unknown command.
You completely miss Grinder.
Grinder is heavily wounded.
Grinder misses you.
You hit Grinder. You headbutt Grinder.
Grinder is severely wounded.
You hit Grinder.
Grinder is severely wounded.
Grinder barely misses you.
You hit Grinder but do no damage.
Grinder is severely wounded.
Grinder hits you!
You die...

..#### ##### #.. ###
####...# ##. #
########....#.# #####.
#####<.......###..###.....
#.)...#########†......####
#.##### ##......######
########.# #..##..##
........)# ##.##..##
...####### ##@5...##
.#...##########....###
####........##.).###
########.##..## #######
##....## ##.....##
##...#.# ##.......##
#..#.#.## #...>.....#
####.##....####..>......#
#....###.....##.........#


You could see Grinder (confused, weak-willed).

Vanquished Creatures
  A jelly (D:3)
  2 adders
  2 worms (D:2)
  2 dart slugs (D:2)
  3 ball pythons
  7 endoplasms
  4 goblins
  5 hobgoblins
  3 quokkas
  6 bats
  3 frilled lizards
  5 kobolds
  3 rats
46 creatures vanquished.

Notes
Turn   | Place    | Note
-------+----------+-------------------------------------------
     0 | D:1      | vbjbw the Spriggan Enchanter began the quest for the Orb.
     0 | D:1      | Reached XP level 1. HP: 9/9 MP: 5/5
   574 | D:1      | Reached skill level 4 in Hexes
   602 | D:1      | Reached XP level 2. HP: 10/13 MP: 7/7
   605 | D:1      | Learned a level 2 spell: Ensorcelled Hibernation
  1116 | D:1      | Found a faded altar of an unknown god.
  1564 | D:2      | Reached XP level 3. HP: 10/16 MP: 3/9
  1568 | D:2      | Learned a level 3 spell: Tukima's Dance
  1572 | D:2      | Learned a level 3 spell: Confusing Touch
  2241 | D:2      | You fall into a shaft and drop 1 floor!
  2264 | D:3      | Reached skill level 5 in Hexes
  2264 | D:3      | Reached XP level 4. HP: 21/21 MP: 11/11
  2361 | D:3      | Noticed Grinder
  2365 | D:3      | Found a hazy altar of Hepliaklqana.
  2365 | D:3      | Paralysed by Grinder for 2 turns
  2851 | D:3      | Gained mutation: You passively map a small area around you.
                  | [potion of mutation]
  2851 | D:3      | Gained mutation: You sometimes lose the ability to read
                  | scrolls when taking damage. [potion of mutation]
  2851 | D:3      | Gained mutation: You are partially covered in large bone
                  | plates. (SH +4) [potion of mutation]
  2852 | D:3      | Lost mutation: You are partially covered in large bone
                  | plates. (SH +4) [potion of mutation]
  2852 | D:3      | Lost mutation: You sometimes lose the ability to read
                  | scrolls when taking damage. [potion of mutation]
  2852 | D:3      | Lost mutation: You passively map a small area around you.
                  | [potion of mutation]
  2852 | D:3      | Gained mutation: Your magical capacity is low. (-10% MP)
                  | [potion of mutation]
  2852 | D:3      | Gained mutation: You are frail. (-10% HP) [potion of
                  | mutation]
  2852 | D:3      | Gained mutation: You have sharp fingernails. [potion of
                  | mutation]
  2853 | D:3      | Lost mutation: Your magical capacity is low. (-10% MP)
                  | [potion of mutation]
  2853 | D:3      | Lost mutation: You have sharp fingernails. [potion of
                  | mutation]
  2853 | D:3      | Lost mutation: You are frail. (-10% HP) [potion of
                  | mutation]
  2853 | D:3      | Gained mutation: You have a pair of small horns on your
                  | head. [potion of mutation]
  2853 | D:3      | Gained mutation: Your spells are a little harder to cast,
                  | but a little more powerful. [potion of mutation]
  2853 | D:3      | Gained mutation: You have hidden genetic defects. [potion
                  | of mutation]
  2971 | D:3      | Paralysed by Grinder for 3 turns
  2991 | D:3      | Slain by Grinder

Illustrated notes

Levels and vault maps discovered:
D:1:      scummos_arrival_simple_crosswalls, layout_loops_ring,
          shapermc_ecumenical_altar_pompeii
D:2:      layout_rooms, serial_curves, eino_curves_03, eino_curves_01,
          due_unseen_surprise
D:3:      layout_rooms, mainiacjoe_overflow_tiny_flanked, uniq_grinder

Skill      XL: |  1  2  3 |
---------------+----------+-----
Spellcasting   | 3 4 |  4.6
Hexes          | 4 5 |  5.2
Short Blades   | |  1.1
Dodging        | |  2.6
Stealth        | |  4.4

Action                   |  1- 3 |  4- 6 || total
-------------------------+-------+-------++-------
Melee: Dagger            |    88 |    51 ||   139
       Headbutt          |       |     3 ||     3
       Punch             |       |     1 ||     1
Throw: Dart              |     1 |       ||     1
 Cast: Ensorcelled Hiber |    17 |       ||    17
       Confusing Touch   |       |     1 ||     1
  Use: Scroll            |     3 |     2 ||     5
       Potion            |     1 |     3 ||     4
 Stab: Sleeping          |    16 |     3 ||    19
       Invisible         |     1 |       ||     1
       Confused          |       |     1 ||     1
Armor: Robe              |    11 |     4 ||    15
Dodge: Dodged            |    58 |    32 ||    90

Table legend: (Time is in decaauts)
 A = Elapsed time spent in this place.
 B = Non-inter-level travel time spent in this place.
 C = Inter-level travel time spent in this place.
 D = Time resting spent in this place.
 E = Time spent auto-exploring this place.
 F = Levels seen in this place.
 G = Mean time per level.
                   A        B        C        D        E       F      G
               +--------+--------+--------+--------+--------+-----+--------+
         Total |   2430 |   2408 |     22 |    294 |   1705 |   3 |  810.0 |
       Dungeon |   2430 |   2408 |     22 |    294 |   1705 |   3 |  810.0 |
               +--------+--------+--------+--------+--------+-----+--------+

Top non-repeatable levels by time:
     D:1: 1011 daAuts
     D:2: 836 daAuts
     D:3: 582 daAuts
